Unix NetHack Version 5.0.0-0 post-release - last build Jun 10 2026 00:39:30 (3ee93aec679c4c4259841fe613dc97188e26a321,branch:main).

Game began 2026-07-01 02:40:47, ended 2026-07-02 21:25:37.

Atrocia, lawful female human Knight

  .......}}}}...
  ....}}}}}......       .....
  ..}}}}}........     .......
  ...}}}........     ........
  ........}}...     .........
  .......}}}....    .........
  ......}}}....    ..........
  .....}}}.j..    ...........
  .....}}...    .............
  .........    ..............
  ............^..............
  ...@D.......%j.............
  .............^............
  ........j...   ..........
  ...........    .....
  ...}}}.......    ..
  ..}}}.......
  ..}}}}}...}..
  .}}}}}...}}..
  ....}}}}..}}}..

Atrocia the Knight       St:18/11 Dx:17 Co:18 In:7 Wi:17 Ch:17  Lawful
Home 5 $:0  HP:0(93) Pw:92(133) AC:-16 Xp:14 T:32964  Lev

Latest messages:
 Ixoth vanishes and reappears farther away.
 Ixoth vanishes and reappears next to you.
 Ixoth bites!
 Ixoth casts a spell!
 Ixoth suddenly becomes transparent!
 The invisible Ixoth misses!
 The invisible Ixoth misses!
 "Again, thou challengest me, Knight?  So be it.  Thou wilt die here."
 You hit the invisible Ixoth!
 The invisible Ixoth vanishes and reappears farther away.
 You float over a spiked pit.
 The invisible Ixoth vanishes and reappears close by.
 The invisible Ixoth vanishes and reappears next to you.
 The invisible Ixoth casts a spell!
 The invisible Ixoth looks better.
 "Thou art truly foolish, Knight.  I shall dispatch thee anon."
 You hit the invisible Ixoth!
 The invisible Ixoth vanishes and reappears close by.
 The invisible Ixoth vanishes and reappears close by.
 The invisible Ixoth vanishes and reappears next to you.
 The invisible Ixoth bites!
 The invisible Ixoth casts a spell at you!
 A field of force surrounds you!
 The invisible Ixoth misses!
 The invisible Ixoth misses!
 "Thou art truly foolish, Knight.  I shall dispatch thee anon."
 You hit the invisible Ixoth!
 The invisible Ixoth vanishes and reappears close by.
 The invisible Ixoth vanishes and reappears close by.
 The ochre jelly misses!
 The invisible Ixoth vanishes and reappears close by.
 The invisible Ixoth vanishes and reappears close by.
 The invisible Ixoth vanishes and reappears close by.
 The invisible Ixoth vanishes and reappears next to you.
 The invisible Ixoth breathes fire!
 The blast of fire hits you!
 But it reflects from your shield!
 The blast of fire misses the invisible Ixoth.
 The invisible Ixoth vanishes and reappears next to you.
 You hit the invisible Ixoth!
 The invisible Ixoth vanishes and reappears next to you.
 The invisible Ixoth bites!
 The invisible Ixoth casts a spell at you!
 Your head suddenly aches painfully!
 You die...
 Do you want your possessions identified? [ynq] (y) y
 Do you want to see your attributes? [ynq] (y) y
 Do you want an account of creatures vanquished? [ynaq] (y) y
 Do you want to see your conduct and achievements? [ynq] (y) y
 Do you want to see the dungeon overview? [ynq] (y) n

Inventory:
 Amulets  ('"')
  o - an uncursed amulet of magical breathing (being worn)
 Weapons  (')')
  a - the blessed rustproof +1 Excalibur (weapon in right hand)
  p - a +0 silver saber
 Armor    ('[')
  c - an uncursed +1 helm of caution (being worn)
  z - a blessed +1 pair of leather gloves (being worn)
  F - a blessed +0 pair of iron shoes
  s - an uncursed +0 pair of levitation boots (being worn)
  u - an uncursed +0 shield of reflection (being worn)
  A - an uncursed thoroughly burnt rotted +0 cloak of magic resistance (being worn)
  G - an uncursed +0 dwarvish mithril-coat (being worn)
 Rings    ('=')
  E - a blessed +1 ring of protection (on right hand)
  h - an uncursed ring of stealth (on left hand)
 Wands    ('/')
  d - a wand of digging (0:6)
 Tools    ('(')
  K - a blessed bag of holding containing 14 items
  w - an uncursed blindfold
  Y - an uncursed magic lamp (lit)
  X - an uncursed magic whistle
  I - a +0 pick-axe (alternate weapon; not wielded)
  f - an uncursed skeleton key
  b - a tinning kit (0:38)
  i - a +0 unicorn horn
 Gems/Stones  ('*')
  L - an uncursed luckstone

Contents of the bag of holding:
  a blessed +2 mummy wrapping
  an uncursed +0 robe
  6 uncursed slime molds
  14 uncursed apples
  13 uncursed carrots
  an uncursed clove of garlic
  4 uncursed tripe rations
  an uncursed tin of frost giant meat
  an uncursed tin of giant meat
  an uncursed tin of nurse meat
  an uncursed tin of violet fungus
  an uncursed egg
  an uncursed lizard corpse
  a tinning kit (0:25)

Atrocia the Knight's attributes:

Background:
 You were a Knight, level 14 female human.
 You were lawful, on a mission for Lugh
 who was opposed by Brigit (neutral) and Manannan Mac Lir (chaotic).
 You were right-handed.
 You were in the Quest, on level 5.
 You entered the dungeon 32964 turns ago.
 There was a full moon in effect when your adventure ended.
 You had 84417 experience points, 75583 more were needed to attain level 15.

Basics:
 You had 0 out of 93 hit points.
 You had 92 out of 133 energy points (spell power).
 Your armor class was -16.
 Your wallet was empty.
 Autopickup was on for '$"?+!=/' plus thrown.

Final Characteristics:
 Your strength was 18/11 (peak:18/12, limit:18/100).
 Your dexterity was 17 (limit:18).
 Your constitution was 18 (limit:18).
 Your intelligence was 7 (limit:18).
 Your wisdom was 17 (peak:18, limit:18).
 Your charisma was 17 (limit:18).

Final Status:
 You were levitating.
 You weren't hungry.
 You were unencumbered.
 You were wielding a long sword.
 You had expert skill with long sword.

Final Attributes:
 You were the Hand of Elbereth.
 You were piously aligned.
 You were magic-protected.
 You were fire resistant.
 You were cold resistant.
 You were sleep resistant.
 You were shock resistant.
 You were poison resistant.
 You were level-drain resistant.
 You saw invisible.
 You were telepathic.
 You were warned.
 You had automatic searching.
 You were invisible to others.
 You were stealthy.
 You could jump.
 You could survive without air.
 You had a large defense bonus (+13).
 You were protected.
 Your spell casting was impaired by metallic armor.
 You were fast.
 You had reflection.
 You were extremely lucky.
 You had extra luck.
 Bad luck did not time out for you.
 Good luck did not time out for you.
 You are dead.

Miscellaneous:
 You encountered 1 bones level.
 Total elapsed playing time was 12 hours, 45 minutes and 37 seconds.

Major events:
 Turn
    1: Atrocia the lawful female human Knight entered the dungeon
 1033: entered the Gnomish Mines
 1713: attained the rank of Esquire (level 3)
 2224: reached Mine Town
 2746: attained the rank of Bachelor (level 6)
 4871: entered Sokoban
 4960: was given Excalibur by the Lady of the Lake
 6488: was bestowed with Trollsbane by Lugh
11356: acquired the Mines' End luckstone
12394: attained the rank of Sergeant (level 10)
13529: completed 1st Sokoban level
13763: completed 2nd Sokoban level
13991: completed 3rd Sokoban level
14783: completed 4th Sokoban level
15008: acquired the Sokoban bag of holding
16345: found Sting on the floor
19125: was crowned "The Hand of Elbereth" by Lugh
20118: was bestowed with Dragonbane by Lugh
20378: entered the Bigroom
21850: entered Home 1, the Quest
26101: Croesus has been killed
28176: was bestowed with Werebane by Lugh
30553: killed Medusa
31247: attained the rank of Knight (level 14)
31386: King Arthur has granted access to proceed deeper into the quest
31411: entered Home 2, the Quest
31517: entered Home 3, the Quest
31819: entered Home 4, the Quest
32000: entered Home 5, the Quest
32964: killed by invisible Ixoth

Spells:
 Name                 Level Category     Fail Retention
 healing                1   healing      100%    (gone)
 create monster         2   clerical      86%    (gone)
 confuse monster        1   enchantment  100%    (gone)
 turn undead            6   clerical      92%   11%-15%
 light                  1   divination   100%    1%-25%
 haste self             3   escape       100%   26%-50%
 dig                    5   matter       100%   26%-50%
 remove curse           3   clerical      80%   31%-35%
 magic missile          2   attack       100%   41%-50%
 detect monsters        1   divination   100%   26%-50%
 detect treasure        4   divination   100%   51%-75%
 detect food            2   divination   100%   51%-75%
 clairvoyance           3   divination   100%   51%-75%
 chain lightning        2   attack       100%  91%-100%

Skills:
 Fighting Skills
   bare handed combat [Unskilled]
   two weapon combat  [Skilled]
   riding             [Basic]
 Weapon Skills
   dagger             [Unskilled]
   knife              [Unskilled]
   axe                [Unskilled]
   pick-axe           [Unskilled]
   short sword        [Unskilled]
   broadsword         [Unskilled]
   long sword         [Expert]
   two-handed sword   [Unskilled]
   saber              [Basic]
   club               [Unskilled]
   mace               [Unskilled]
   morning star       [Unskilled]
   flail              [Unskilled]
   hammer             [Unskilled]
   polearms           [Unskilled]
   spear              [Unskilled]
   trident            [Unskilled]
   lance              [Basic]
   bow                [Unskilled]
   crossbow           [Unskilled]
 Spellcasting Skills
   attack spells      [Basic]
   healing spells     [Unskilled]
   clerical spells    [Skilled]

Voluntary challenges:
 Character rerolling was not enabled.
 You never genocided any monsters.
 You never polymorphed an object.
 You never changed form.
 You used no wishes.
 You did not violate any of the special Sokoban rules.
Achievements:
 You entered a shop.
 You entered the Gnomish Mines.
 You attained the rank of Esquire.
 You entered Minetown.
 You entered a temple.
 You attained the rank of Bachelor.
 You entered Sokoban.
 You completed the Gnomish Mines.
 You attained the rank of Sergeant.
 You completed Sokoban.
 You entered the Big Room.
 You defeated Medusa.
 You attained the rank of Knight.

 The Dungeons of Doom: levels 1 to 23
    Level 1:
    Level 2:
       A ring shop.
       Stairs down to The Gnomish Mines.
    Level 3:
       A fountain.
    Level 4:
       A general store, many altars, a sink, a grave.
    Level 5:
       A fountain, a sink.
    Level 6:
       Many fountains.
       Oracle of Delphi.
    Level 7:
       A fountain.
       Stairs up to Sokoban, level 6.
    Level 8:
       Some fountains.
    Level 9:
       An altar to Lugh, a throne, a fountain.
       Final resting place for
          ThermoNuclear-Wiz-Elf-Fem-Cha, killed by an Elvenking, while frozen by a potion.
    Level 10:
       A temple and an altar.
    Level 11:
    Level 12:
       A very big room.
       Summoned by King Arthur.
       Portal to The Quest.
    Level 13:
       A fountain.
    Level 14:
       Portal to Fort Ludios.
    Level 15:
       A primitive area.
    Level 16:
    Level 17:
       A grave.
    Level 18:
    Level 19:
    Level 20:
       Some fountains.
    Level 21:
    Level 22:
       A temple and an altar, some fountains, a grave.
    Level 23:
 The Gnomish Mines: levels 3 to 10
    Level 3:
    Level 4:
    Level 5:
       Many shops, a temple and an altar, some fountains, some trees.
    Level 6:
    Level 7:
    Level 8:
    Level 9:
    Level 10:
       A fountain.
 The Quest: levels 1 to 5
    Level 1:
       A throne.
       Given quest by King Arthur.
    Level 2:
    Level 3:
       A temple and an altar.
    Level 4:
    Level 5: <- You were here.
       Final resting place for
          you, killed by invisible Ixoth.
 Sokoban: levels 6 up to 3
    Level 3:
       Solved.
    Level 4:
       Solved.
    Level 5:
       Solved.
    Level 6:
       Solved.
 Fort Ludios:
    Level 1:
       A throne.
       Fort Ludios.


Vanquished creatures:
    Medusa
    Croesus
  a gray dragon
  a red dragon
  3 white dragons
 an orange dragon
  2 green dragons
  a yellow dragon
  2 baluchitheria
  3 stone golems
  3 Olog-hai
  2 titanotheres
  a baby silver dragon
  a genetic engineer
  4 captains
  3 nurses
  a lurker above
  a frost giant
  2 black puddings
  a vampire
  2 lieutenants
  2 ghosts
  a knight
  2 winged gargoyles
  3 giant mimics
  a long worm
  a zruty
  a fire giant
  5 ogre tyrants
  6 rock trolls
 an umber hulk
  2 flesh golems
  3 elven monarchs
  a doppelganger
  6 large mimics
  3 stalkers
  3 air elementals
  a fire elemental
  2 earth elementals
  2 giant mummies
  a xorn
  3 giant zombies
  7 elf-nobles
 12 sergeants
  5 wargs
 15 small mimics
  a glass piercer
  3 warhorses
  5 xans
 an ettin mummy
 an ogre leader
  2 quantum mechanics
  3 trolls
  a wood golem
  6 electric eels
  3 gelatinous cubes
  4 pyrolisks
  2 large dogs
  a flaming sphere
  4 shocking spheres
  2 large cats
  3 tigers
  3 gargoyles
  2 dwarf rulers
  2 tengu
 14 ochre jellies
  a leocrotta
 an energy vortex
  3 mountain centaurs
  5 elf mummies
  4 human mummies
  a python
  2 pit vipers
  2 cobras
  a wraith
  a carnivorous ape
  2 ettin zombies
  2 leather golems
 11 Grey-elves
 69 soldiers
  2 watchmen
  3 amorous demons
  2 chameleons
  9 giant beetles
  5 quivering blobs
  6 cockatrices
  3 wolves
 13 winter wolf cubs
  2 lynxes
  3 panthers
  8 gremlins
  7 leprechauns
 an orc-captain
 10 iron piercers
  a mumak
  4 giant spiders
  5 ice vortices
  a baby long worm
  2 black lights
  4 vampire bats
  2 forest centaurs
  4 gnome rulers
 an orc mummy
  4 dwarf mummies
  5 ogres
 14 brown puddings
  a rust monster
  8 owlbears
  2 yetis
  4 gold golems
  7 Green-elves
  4 giant eels
 11 lizards
  2 chickatrices
  a dingo
  3 dogs
  a housecat
  2 jaguars
  2 dwarf leaders
  4 blue jellies
  a white unicorn
  a gray unicorn
  3 black unicorns
  4 dust vortices
  5 ravens
  5 plains centaurs
  2 gnome mummies
  7 snakes
  7 apes
  3 human zombies
  3 rope golems
  4 Woodland-elves
  3 soldier ants
  a fire ant
 21 bugbears
  4 imps
 73 quasits
  3 wood nymphs
  6 water nymphs
  7 mountain nymphs
 25 Mordor orcs
 22 Uruk-hai
  5 orc shamans
 10 rock piercers
  3 rock moles
  a pony
  5 fog clouds
 12 yellow lights
  4 shriekers
 12 violet fungi
 32 gnome leaders
  6 gnomish wizards
  a red naga hatchling
  a black naga hatchling
  5 gray oozes
  a barrow wight
 14 elf zombies
  4 ghouls
  5 straw golems
  2 paper golems
  3 jellyfish
 63 giant ants
  4 little dogs
  8 floating eyes
  2 kittens
 24 dwarves
  7 homunculi
  3 kobold shamans
  7 hill orcs
 26 rothes
  2 rabid rats
  4 centipedes
  5 giant bats
  4 monkeys
  8 orc zombies
  9 dwarf zombies
  5 wererats
  5 werejackals
 16 iguanas
 32 killer bees
 15 acid blobs
  2 coyotes
 11 hobbits
 34 manes
  5 large kobolds
 24 hobgoblins
  8 giant rats
  8 cave spiders
  2 brown molds
  3 yellow molds
  2 green molds
  a red mold
 73 gnomes
 11 garter snakes
  3 gnome zombies
 16 geckos
 14 jackals
  4 foxes
  7 kobolds
  7 goblins
 17 sewer rats
 16 grid bugs
  a bat
 16 lichens
  2 kobold zombies
 11 newts
1350 creatures vanquished.

No species were genocided or became extinct.

Game over:
                       ----------
                      /          \
                     /    REST    \
                    /      IN      \
                   /     PEACE      \
                  /                  \
                  |     Atrocia      |
                  |       0 Au       |
                  |    killed by     |
                  | invisible Ixoth  |
                  |                  |
                  |                  |
                  |       2026       |
                 *|     *  *  *      | *
        _________)/\\_//(\/(/\)/\//\/|_)_______

Fare thee well Atrocia the Knight...

You died in The Quest on dungeon level 5 with 244926 points,
and 0 pieces of gold, after 32964 moves.
You were level 14 with a maximum of 93 hit points when you died.

